 Dungeon Crawl Stone Soup version 0.30.0 (webtiles) character file.

Game seed: 13678978524990046273

1424527 dolemite99 the Eye of the Storm (level 27, 259/284 HPs)
             Began as a Hill Orc Fighter on May 6, 2023.
             Was a Priest of Qazlal.
             Escaped with the Orb
             ... and 3 runes on May 7, 2023!
             The game lasted 03:10:45 (107010 turns).

dolemite99 the Eye of the Storm (HOFi)            Turns: 107010, Time: 03:10:46

Health: 259/284    AC: 44    Str: 36    XL:     27
Magic:  38/40      EV: 10    Int: 11    God:    Qazlal [***...]
Gold:   1824       SH: 19    Dex: 15    Spells: 30/43 levels left

rFire   + + +        m - +5 sacred scourge (holy)
rCold   + + .        e - +1 kite shield {rN+}
rNeg    + . .        G - +12 gold dragon scales
rPois   +            N - +0 helmet of Nionyel {Will++}
rElec   +            M - scarf {rC+ rF+}
rCorr   .            V - +0 pair of fencer's gloves {Riposte Dex+3}
SInv    +            j - +2 pair of boots
Will    +++++        L - amulet "Igaqaub" {Harm rElec Regen+ Str+4} Stlth
                     q - ring of Gacot {rF+ Str+3 Int+3}
HPRegen 1.47/turn    C - ring of Sonneenk {Will+ Slay+2 SInv}
MPRegen 0.27/turn

%: harm (+30% outgoing, +20% incoming)
@: studying Throwing
A: iridescent scales 1, dopey 1, fire resistance 1, poison resistance, robust 1
0: Orb of Zot
}: 3/15 runes: serpentine, slimy, silver
a: Renounce Religion, Upheaval, Elemental Force


You escaped.
You worshipped Qazlal.
Qazlal was most pleased with you.
You visited 11 branches of the dungeon, and saw 53 of its levels.
You visited the Abyss 1 time.
You visited 1 bazaar.
You visited 1 ziggurat, and saw 10 of its levels.

You collected 10456 gold pieces.
You spent 8632 gold pieces at shops.

Inventory:

Hand Weapons
 a - a +6 spectral broad axe
 b - a +8 demon whip of venom
 m - a +5 sacred scourge of holy wrath (weapon)
 w - the +7 sceptre of Torment {pain, torment}
   (You found it on level 3 of the Crypt)
Missiles
 Q - 6 throwing nets (quivered)
Armour
 e - a +1 kite shield of positive energy (worn)
 j - a +2 pair of boots (worn)
 G - +12 gold dragon scales (worn)
 M - a scarf of resistance (worn)
 N - the +0 helmet of Nionyel (worn) {Will++}
   (You found it on level 2 of the Swamp)

   Will:      It greatly increases your willpower.
 V - the +0 pair of fencer's gloves (worn) {Riposte Dex+3}
   (You found it on level 3 of the Depths)

   Riposte:   It allows the wearer to riposte with melee weapons, swiftly
   retaliating against missed or blocked melee attacks.
   Dex:       It affects your dexterity (+3).
Magical Staves
 t - the staff of earth "Fopheugo" {Will+ Str+2 Int+3}
   (You found it on level 3 of the Elven Halls)

   [staff of earth]

   Base accuracy: +5 Base damage: 5 Base attack delay: 1.2 This weapon's minimum
   attack delay (0.6) is reached at skill level 12.
   Str:       It affects your strength (+2).
   Int:       It affects your intelligence (+3).
   Will:      It increases your willpower.
   It falls into the 'Staves' category.
   It is a one-handed weapon.
 v - the staff of cold "Imerrauh" {rC+ rCorr}
   (You found it on level 8 of a ziggurat)

   [staff of cold]

   Base accuracy: +5 Base damage: 5 Base attack delay: 1.2 This weapon's minimum
   attack delay (0.6) is reached at skill level 12.
   rC:        It protects you from cold.
   rCorr:     It protects you from acid and corrosion.
   It falls into the 'Staves' category.
   It is a one-handed weapon.
Jewellery
 d - an amulet of reflection
 h - a ring of see invisible
 i - a ring of protection from cold
 k - the ring "Waretipow" {rElec Dex+6}
   (You found it on level 2 of the Crypt)

   [ring of dexterity]

   Dex:       It affects your dexterity (+6).
   rElec:     It insulates you from electricity.
 n - a +4 ring of slaying
 p - a ring of resist corrosion
 q - the ring of Gacot (left hand) {rF+ Str+3 Int+3}
   (You found it on level 2 of the Swamp)

   [ring of protection from fire]

   Str:       It affects your strength (+3).
   Int:       It affects your intelligence (+3).
   rF:        It protects you from fire.
 r - a ring of protection from fire
 C - the ring of Sonneenk (right hand) {Will+ Slay+2 SInv}
   (You found it on level 5 of the Pits of Slime)

   [ring of see invisible]

   Slay:      It affects your accuracy & damage with ranged weapons and melee
   (+2).
   SInv:      It lets you see invisible.
   Will:      It increases your willpower.
 L - the amulet "Igaqaub" (around neck) {Harm rElec Regen+ Str+4}
   (You found it on level 5 of the Pits of Slime)

   [amulet of regeneration]

   Str:       It affects your strength (+4).
   rElec:     It insulates you from electricity.
   Regen:     It increases your rate of health regeneration.
   Harm:      It increases damage dealt and taken.
 Y - the ring of the Princeling {rF- rCorr AC+4 Dex+2}
   (You found it on level 3 of the Crypt)

   [ring of protection]

   AC:        It affects your AC (+4).
   Dex:       It affects your dexterity (+2).
   rF:        It makes you vulnerable to fire.
   rCorr:     It protects you from acid and corrosion.
Wands
 B - a wand of paralysis (42)
 K - a wand of mindburst (19)
 X - a wand of digging (18)
Scrolls
 f - 7 scrolls of fog
 o - 3 scrolls of poison
 s - 2 scrolls of silence
 z - 5 scrolls of immolation
 D - 40 scrolls of identify {@r1}
 I - 8 scrolls of teleportation
 O - 3 scrolls of blinking
 T - 7 scrolls of vulnerability
 Z - a scroll of magic mapping
Potions
 c - 3 potions of flight
 l - 18 potions of curing
 u - 3 potions of resistance
 x - 3 potions of magic
 A - a potion of cancellation
 F - 2 potions of ambrosia
 J - 7 potions of berserk rage
 R - 4 potions of mutation
 S - 6 potions of brilliance
Miscellaneous
 y - a phantom mirror (inert)
 E - a box of beasts (inert)
 H - a phial of floods
 U - a lightning rod (4/4)


   Skills:
 - Level 23.4 Fighting
 - Level 16.7(19.0) Axes
 - Level 12.8(15.5) Maces & Flails
 - Level 3.7 Throwing
 - Level 19.8 Armour
 - Level 4.8 Dodging
 - Level 17.9 Shields
 - Level 8.9 Spellcasting
 - Level 9.4 Translocations
 + Level 14.8 Transmutations
 - Level 10.5 Air Magic
 - Level 14.1 Earth Magic
 O Level 27 Invocations
 - Level 14.2 Evocations


You had 30 spell levels left.
You knew the following spells:

 Your Spells              Type           Power      Damage    Failure   Level
a - Blink                 Tloc           50%        N/A       3%          2
b - Lesser Beckoning      Tloc           50%        N/A       3%          2
c - Passwall              Tmut/Erth      30%        N/A       1%          2
d - Swiftness             Air            28%        N/A       4%          3
e - Passage of Golubria   Tloc           25%        N/A       26%         4

Your spell library contained the following spells:

 Spells                   Type           Power      Damage    Failure   Level
 Beastly Appendage        Tmut           74%        N/A       1%          1
 Sandblast                Erth           70%        2d15      1%          1
 Wereblood                Tmut           37%        N/A       1%          2
 Petrify                  Tmut/Erth      36%        N/A       3%          4
 Gell's Gravitas          Tloc           25%        N/A       8%          3
 Teleport Other           Tloc           25%        N/A       8%          3
 Lee's Rapid Deconstruct  Erth           17%        3d11*     11%         5
 Shock                    Conj/Air       64%        1d7       14%         1
 Airstrike                Air            14%        2d(2-18)  16%         4
 Spider Form              Tmut/Pois      21%        N/A       19%         3
 Stone Arrow              Conj/Erth      40%        3d9       21%         3
 Momentum Strike          Conj/Tloc      30%        3d8       26%         2
 Manifold Assault         Tloc           25%        N/A       26%         4
 Statue Form              Tmut/Erth      24%        N/A       45%         6
 Volatile Blastmotes      Fire/Tloc      30%        2d12      47%         3
 Ice Form                 Ice/Tmut       21%        N/A       52%         4
 Foxfire                  Conj/Fire      16%        2x1d4     77%         1
 Freeze                   Ice            16%        1d4       77%         1
 Kiss of Death            Conj/Necr      16%        2d6       77%         1
 Magic Dart               Conj           16%        1d3       77%         1
 Necrotise                Necr           16%        1d4       77%         1
 Summon Small Mammal      Summ           16%        N/A       77%         1
 Summon Lightning Spire   Summ/Air       16%        N/A       80%         4
 Alistair's Intoxication  Tmut/Pois      14%        N/A       86%         5
 Yara's Violent Unravell  Hex/Tmut       10%        3d6       86%         5
 Iskenderun's Mystic Bla  Conj/Tloc      15%        2d5       87%         4
 Ensorcelled Hibernation  Hex/Ice        8%         N/A       88%         2
 Searing Ray              Conj           8%         2d4       88%         2
 Sublimation of Blood     Necr           4%         N/A       88%         2
 Borgnjor's Vile Clutch   Necr/Erth      10%        N/A       88%         5
 Call Canine Familiar     Summ           4%         N/A       98%         3
 Confusing Touch          Hex            4%         N/A       98%         3
 Dazzling Flash           Conj/Hex       8%         N/A       98%         3
 Frozen Ramparts          Ice            8%         1d2       98%         3
 Hailstorm                Conj/Ice       4%         3d4       98%         3
 Inner Flame              Hex/Fire       4%         N/A       98%         3
 Ozocubu's Armour         Ice            4%         N/A       98%         3
 Summon Guardian Golem    Hex/Summ       4%         N/A       98%         3
 Tukima's Dance           Hex            4%         N/A       98%         3
 Vampiric Draining        Necr           4%         2d6       98%         3
 Arcjolt                  Conj/Air       8%         1d18      98%         5
 Silence                  Hex/Air        8%         N/A       98%         5
 Dispersal                Tloc           12%        N/A       98%         6
 Storm Form               Tmut/Air       16%        N/A       99%         7
 Anguish                  Hex/Necr       2%         N/A       100%        4
 Animate Dead             Necr           4%         N/A       100%        4
 Cause Fear               Hex            2%         N/A       100%        4
 Dispel Undead            Necr           4%         3d7       100%        4
 Flame Wave               Conj/Fire      4%         2d5       100%        4
 Fulminant Prism          Conj/Hex       2%         3d5       100%        4
 Sticky Flame             Conj/Fire      4%         2d3       100%        4
 Summon Ice Beast         Ice/Summ       4%         N/A       100%        4
 Agony                    Necr           4%         N/A       100%        5
 Fireball                 Conj/Fire      2%         3d4       100%        5
 Metabolic Englaciation   Hex/Ice        2%         N/A       100%        5
 Summon Mana Viper        Hex/Summ       4%         N/A       100%        5
 Conjure Ball Lightning   Conj/Air       8%         3x3d6     100%        6
 Eringya's Noxious Bog    Tmut/Pois      10%        N/A       100%        6
 Plasma Beam              Fire/Air       8%         2x1d20    100%        6
 Simulacrum               Ice/Necr       2%         N/A       100%        6
 Starburst                Conj/Fire      2%         6d3       100%        6
 Enfeeble                 Hex            2%         N/A       100%        7
 Haunt                    Necr/Summ      2%         N/A       100%        7
 Monstrous Menagerie      Summ           2%         N/A       100%        7
 Orb of Destruction       Conj           2%         9d5       100%        7
 Ozocubu's Refrigeration  Ice            2%         4d7       100%        7
 Spellforged Servitor     Conj/Summ      2%         N/A       100%        7
 Summon Hydra             Summ           2%         N/A       100%        7
 Disjunction              Tloc           12%        N/A       100%        8
 Infestation              Necr           2%         N/A       100%        8
 Chain Lightning          Conj/Air       8%         3d10      100%        9
 Polar Vortex             Ice            2%         N/A       100%        9


Dungeon Overview and Level Annotations

Branches:
Dungeon (15/15)            Temple (0/1) D:7            Lair (5/5) D:9
  Swamp (2/4) Lair:3        Snake (4/4) Lair:2        Slime (5/5) Lair:4
    Orc (2/2) D:12            Elf (3/3) Orc:2        Vaults (5/5) D:13
  Crypt (3/3) Vaults:3       Tomb (0/3) Crypt:3      Depths (4/4) D:15
    Zot (5/5) Depths:4

Altars:
Ashenzari
Cheibriados
Dithmenos
Elyvilon
Fedhas
Gozag
Hepliaklqana
Kikubaaqudgha
Makhleb
Nemelex Xobeh
Okawaru
Qazlal
Sif Muna
Trog
Uskayaw
Vehumet
Wu Jian
Yredelemnul
Zin
The Shining One
Beogh
Jiyva

Shops:
D:2 :   D:6 !   D:13 *   Orc:1 ?   Orc:2 (?[:*   Elf:2 ==!=   Elf:3 ?
Snake:2 *?[!!   Snake:4 (   Vaults:1 [   Vaults:4 :*[?   Vaults:5 !!!!
Depths:3 :=:

Portals:
Hell: Depths:1 Depths:2 Depths:3 Depths:4
Abyss: Depths:3
Pandemonium: Depths:2

Annotations:
D:3 2 transporters
Orc:1 2 transporters, Veudig's ghost, journeyman HOFi
Elf:1 3 runed translucent doors, Gerad's ghost, veteran VSAK
Vaults:1 1 runed translucent door
Zot:2 Tiamat


Innate Abilities, Weirdness & Mutations

You are partially covered in iridescent scales. (AC +2)
You are dopey. (Int -2)
Your flesh is heat resistant. (rF+)
Your system is resistant to poisons. (rPois)
You are robust. (+10% HP)


Message History

The sphere of damnation explodes!
The damnation engulfs you!!
The damnation engulfs the Brimstone Fiend.
The Brimstone Fiend completely resists.
Your unstable footing causes you to fumble your attack.
You hit the Brimstone Fiend.
The Brimstone Fiend convulses!
The Brimstone Fiend is lightly wounded.
You block the Brimstone Fiend's attack.
You riposte.
You barely miss the Brimstone Fiend.
The Brimstone Fiend is lightly wounded.
The Brimstone Fiend hits you but does no damage.
You block the Brimstone Fiend's attack.
Your unstable footing causes you to fumble your attack.
You thrash the Brimstone Fiend!!
The Brimstone Fiend convulses!!
The Brimstone Fiend is almost dead.
The Brimstone Fiend hits you but does no damage.
You block the Brimstone Fiend's attack.
The Brimstone Fiend hits you but does no damage.
You hit the Brimstone Fiend but do no damage.
The Brimstone Fiend is almost dead.
You whack the Brimstone Fiend!
You kill the Brimstone Fiend!
Qazlal accepts your kill.
Casting: Passwall (safe; 1% risk of failure)
Confirm with . or Enter, or press ? or * to list all spells.
Aiming: Passwall (safe; 1% risk of failure)
Press: ? - help, Dir - move target A rock wall.
This square is covered in magical glow.
You begin to meditate on the wall.
You continue meditating on the rock. x2
You finish merging with the rock.
Splash!
Casting: Passwall (safe; 1% risk of failure)
Confirm with . or Enter, or press ? or * to list all spells.
Aiming: Passwall (safe; 1% risk of failure)
Press: ? - help, Dir - move target A rock wall.
This square is covered in magical glow.
You begin to meditate on the wall.
You continue meditating on the rock. x2
You finish merging with the rock.
You have escaped!

.....##.###..................#..#
.##..##......................#.#.
....##.....##.....#...(..#..#....
.#..##.....##............>....##.
.#..#......##.######'###......##.
....#.....)##.#≈≈~~#...###.......
..#...........#≈##~#.#.#.....###.
#.###......##.#~~~~###.#.........
#.###.........'≈@#~#~~.#.........
...........#..#≈~#~#~###.........
...###........#≈##~#~###.........
.### ######.#.#≈~~#~#~.'.........
## ###.#.##########.........
##...#.##.................
#####..###.##.###.#####.......
#...#.)..#....###..# ##......
#...#..........###.# #......


There were no monsters in sight!

Vanquished Creatures
  the Royal Jelly (Slime:5)
  Dissolution (Slime:2)
  3 pandemonium lords
  2 dread liches
  5 orbs of fire
  5 ancient liches
  Sojobo (Crypt:1)
  Josephina (Crypt:1)
  2 shard shrikes
  8 Killer Klowns
  3 caustic shrikes
  21 golden dragons
  Nikola (Elf:2)
  2 Brimstone Fiends
  2 Ice Fiends
  28 Orb Guardians
  5 electric golems
  Rupert (D:13)
  Jorgrun (Elf:2)
  A lich (Depths:4)
  16 tentacled monstrosities
  2 deep elf blademasters
  A tentacled starspawn (Abyss:2)
  5 titans (Vaults:5)
  4 deep elf master archers (Elf:3)
  9 death cobs
  3 ancient champions
  5 sphinxes
  5 quicksilver dragons
  18 acid blobs
  2 Executioners (Zig:10)
  19 storm dragons
  Kirke (D:13)
  3 draconian monks
  4 revenants
  14 shadow dragons
  9 nagarajas (Snake:4)
  Agnes (D:15)
  5 tengu reavers
  5 narguns
  6 azure jellies
  Roxanne (Elf:2)
  15 rockslimes
  4 frost giants
  6 draconian knights
  2 balrugs
  4 iron dragons
  The ghost of barkas the Spear-Bearer, a journeyman CeMo of Okawaru (Orc:2)
  Aizul (Snake:4)
  A frost giant (shapeshifter) (Vaults:5)
  4 ghost moths
  7 deep elf sorcerers (Elf:3)
  5 fire giants
  16 vault wardens
  10 draconian scorchers
  9 draconian shifters
  3 curse skulls
  2 draconian stormcallers
  2 reapers
  10 deep elf elementalists
  7 ghouls
  2 angels (Depths:3)
  20 ironbound preservers
  3 orc warlords
  9 quicksilver oozes
  24 very ugly things
  17 stone giants
  8 draconian annihilators
  2 war gargoyles
  9 ironbound thunderhulks
  4 deep elf demonologists (Elf:3)
  2 eleionomae
  The ghost of Brutalitops the Bludgeoner, a journeyman OgBr of Jiyva (Lair:2)
  Nessos (D:14)
  9 green draconians
  8 vampire knights
  2 spectral titans (Crypt:3)
  18 black draconians
  The ghost of Xyoprad the Blocker, a journeyman FoFi of Ashenzari (D:13)
  Azrael (Orc:2)
  8 deep elf annihilators
  7 yellow draconians
  10 red draconians
  2 pale draconians (Depths:4)
  9 purple draconians
  2 spark wasps (Depths:2)
  11 white draconians
  10 dire elephants
  9 deep elf death magi
  3 wendigos
  13 eidola
  Snorg (D:13)
  A blizzard demon (Zig:9)
  A green death (Zig:10)
  2 entropy weavers
  5 spectral quicksilver dragons (Crypt:3)
  A mummy priest (Crypt:2)
  10 jiangshi
  7 ettins
  A spriggan zombie (Crypt:1)
  2 crystal guardians
  4 deep elf high priests
  14 fire dragons
  2 spectral spriggans (Crypt:3)
  3 peacekeepers
  5 hydras
  A salamander tyrant (Snake:3)
  7 great orbs of eyes
  13 yaktaur captains
  5 centaur warriors
  32 vault guards
  Erolcha (Orc:2)
  A rakshasa (Depths:2)
  2 spriggan air magi
  A juggernaut simulacrum (Depths:1)
  A ghost crab (Swamp:2)
  2 anacondas (Snake:1)
  2 hell beasts (Zig:10)
  10 ironbound frosthearts
  A catoblepas (Lair:5)
  A fenstrider witch skeleton (Crypt:1)
  4 ogre magi
  15 ice dragons
  An azure jelly zombie (Crypt:1)
  5 deep troll shamans
  A spectral stone giant (Crypt:3)
  The ghost of Fodor the Basher, a novice MiFi of Gozag (D:8)
  6 alligators (Swamp:2)
  2 death knights
  24 dancing weapons
  3 boulder beetles
  14 two-headed ogres
  7 vampire magi
  A hell hog (D:8)
  9 death yaks
  9 naga warriors
  The ghost of middlethird the Thaumaturge, a journeyman VSAE of Cheibriados (D:11)
  16 naga sharpshooters
  3 shock serpents
  5 spriggan berserkers
  4 soul eaters
  3 spectral storm dragons (Crypt:3)
  A thrashing horror (Abyss:2)
  12 deep troll earth magi
  Urug (D:11)
  Sonja (Orc:2)
  13 deep elf knights
  5 iron trolls
  2 hell knights
  4 salamander mystics
  Amaemon (Lair:1)
  A spectral bunyip (Crypt:3)
  A storm dragon skeleton (Crypt:1)
  57 deep trolls
  2 pharaoh ants (Zig:7)
  3 sixfirhies
  34 skeletal warriors
  2 glowing orange brains
  A goliath frog (Swamp:1)
  13 flayed ghosts
  2 spatial maelstroms
  A spectral anaconda (Crypt:3)
  A shadow demon (Zig:10)
  5 shadow wraiths
  4 bog bodies
  8 naga ritualists
  20 deep elf archers
  A tengu zombie (Vaults:1)
  2 orb spiders (Zig:7)
  24 ironbound convokers
  2 spriggan druids
  A death drake (Zig:3)
  5 swamp dragons
  17 deep elf zephyrmancers
  A steelbarb worm (Zig:7)
  A spectral iron dragon (Crypt:3)
  An iron giant skeleton (Crypt:3)
  Pikel (D:5)
  3 obsidian statues
  A harpy (Vaults:1)
  7 wizards
  2 golden dragon skeletons
  9 phantasmal warriors
  A mana viper (shapeshifter) (Depths:2)
  5 necromancers
  6 lindwurms
  An oklob plant (Lair:5)
  26 deep elf pyromancers
  7 orc knights
  A stone giant zombie (Depths:1)
  5 manticores
  7 mana vipers
  6 orc sorcerers
  15 salamanders
  7 shining eyes
  24 ugly things
  A spectral ettin (Crypt:3)
  A will-o-the-wisp (Swamp:1)
  A shining eye (shapeshifter) (Vaults:5)
  2 spectral centaurs (Crypt:3)
  3 worldbinders (Abyss:2)
  5 cyclopes
  29 moths of wrath
  A naga zombie (Crypt:1)
  14 naga magi
  An orange demon (Lair:1)
  4 smoke demons
  15 vault sentinels
  29 black mambas
  7 guardian serpents
  15 elephants
  6 eyes of devastation
  A molten gargoyle (Lair:4)
  A gargoyle (D:12)
  A red draconian zombie (Crypt:2)
  A cane toad (shapeshifter) (D:14)
  A demonic crawler (D:15)
  A storm dragon simulacrum (Depths:1)
  A water nymph (shapeshifter) (Vaults:5)
  6 torpor snails
  16 cane toads
  2 kobold demonologists (D:11)
  3 rime drakes (Lair:5)
  A death yak zombie (Crypt:3)
  16 freezing wraiths
  5 unseen horrors
  A yaktaur (shapeshifter) (D:14)
  2 efreet
  An ancient zyme (Abyss:2)
  9 komodo dragons
  39 yaktaurs
  2 tormentors
  A minotaur skeleton (Crypt:3)
  7 guardian mummies
  A mana viper zombie (Crypt:2)
  A spectral naga (Crypt:3)
  An iron giant simulacrum (Crypt:3)
  A golden dragon simulacrum (Crypt:3)
  A death drake zombie (Crypt:3)
  A hellwing (Zot:1)
  A queen bee (shapeshifter) (Vaults:4)
  A bloated husk (Swamp:2)
  A merfolk (shapeshifter) (Vaults:5)
  4 trolls
  2 harpy zombies (Crypt:1)
  A wind drake (Zig:3)
  3 polar bears
  3 hornets
  A merfolk (D:10)
  A wind drake (shapeshifter) (Vaults:5)
  3 dream sheep (Lair:5)
  A satyr zombie (Crypt:3)
  A radroach zombie (Crypt:2)
  12 blink frogs
  An alligator zombie (Crypt:2)
  A snapping turtle (shapeshifter) (Zig:8)
  8 tyrant leeches
  3 raiju (Abyss:2)
  A fire dragon zombie (Crypt:1)
  A harpy skeleton (Crypt:1)
  A ynoxinul (D:10)
  107 slime creatures
  A centaur simulacrum (Crypt:3)
  Sigmund (D:6)
  A shadow (Crypt:3)
  2 air elementals (Elf:1)
  A fire dragon skeleton (Crypt:2)
  3 spriggans
  5 wyverns
  2 water elementals (Elf:1)
  9 wraiths
  A vampire (D:10)
  2 fire bats (Lair:4)
  37 yaks
  A dire elephant simulacrum (Crypt:1)
  17 golden eyes
  A golden eye (shapeshifter) (Vaults:5)
  3 hogs (D:13)
  6 humans (D:13)
  Grum (D:8)
  14 vampire mosquitoes
  5 basilisks
  2 chaos spawn
  A wind drake skeleton (Crypt:1)
  3 fire elementals
  3 neqoxecs
  A redback (Vaults:4)
  5 steam dragons
  6 large abominations
  A spatial vortex (Abyss:2)
  A demonspawn zombie (Crypt:1)
  A glowing shapeshifter zombie (Vaults:1)
  A warg (shapeshifter) (Vaults:5)
  A warg (Zig:2)
  37 nagas
  9 swamp worms
  18 water moccasins
  4 acid dragons
  3 hell hounds (Orc:2)
  5 small abominations (Abyss:2)
  17 orc warriors
  2 swamp drakes (Zig:3)
  2 sky beasts (D:7)
  2 black bears
  2 ice beasts
  3 boggarts (D:15)
  A hog zombie (Crypt:3)
  14 wolves
  6 starcursed masses (Abyss:2)
  10 ogres
  19 centaurs
  4 lemures (D:5)
  4 kobold brigands
  3 phantoms
  A swamp dragon skeleton (Crypt:3)
  Blork the orc (D:6)
  4 earth elementals
  9 bullfrogs
  2 gnoll sergeants
  3 scorpions
  A naga simulacrum (Crypt:3)
  7 wights (D:9)
  A warg zombie (Crypt:1)
  A spectral ogre (Orc:2)
  2 warg skeletons (Crypt:2)
  A water moccasin skeleton (Crypt:2)
  10 killer bees
  4 electric eels
  6 howler monkeys
  A polar bear skeleton (Crypt:2)
  A troll skeleton (Crypt:1)
  5 hounds
  2 human simulacra (Vaults:1)
  6 jellies
  3 quasits (Abyss:2)
  2 gnoll boudas
  16 orc priests
  Crazy Yiuf (D:6)
  3 sleepcaps
  A human zombie (Crypt:1)
  An iron imp (Abyss:2)
  A cyclops simulacrum (Orc:2)
  3 human skeletons (Crypt:1)
  An iguana (D:7)
  Ijyb (D:5)
  A spectral orc (Orc:2)
  29 orc wizards
  A deep dwarf skeleton (Crypt:3)
  5 mummies
  Robin (D:4)
  A swamp drake zombie (Crypt:1)
  18 gnolls
  9 adders
  2 ogre simulacra (Orc:2)
  A swamp drake skeleton (Crypt:3)
  A shadow imp (D:5)
  A white imp (D:7)
  4 orc simulacra (Orc:2)
  2 ufetubi (D:6)
  3 worms (D:2)
  3 dart slugs
  93 orcs
  3 ball pythons
  5 endoplasms
  6 giant cockroaches
  15 goblins
  7 hobgoblins
  8 jackals
  4 quokkas
  A ball python zombie (Crypt:1)
  7 bats
  A frilled lizard (D:2)
  25 kobolds
  9 rats
  4 briar patches (Swamp:2)
  A bush (Elf:3)
  A butterfly (Lair:4)
  3 fire vortices (D:2)
  3 spectral weapons
  A starspawn tentacle (Abyss:2)
2323 creatures vanquished.

Vanquished Creatures (collateral kills)
  2 golden dragons
  A tentacled monstrosity (Vaults:5)
  An Orb Guardian (Zot:5)
  An acid blob (Slime:5)
  An ancient champion (Crypt:3)
  A shadow dragon (Vaults:4)
  2 storm dragons
  A draconian monk (Zot:2)
  2 nagarajas (Snake:4)
  A vault warden (Vaults:5)
  2 very ugly things
  An ironbound preserver (Vaults:2)
  A quicksilver ooze (Slime:1)
  A draconian shifter (Zot:2)
  A green draconian (Zot:4)
  A black draconian (Zot:2)
  3 yellow draconians
  2 dire elephants
  A white draconian (Zot:2)
  A blizzard demon (Zig:10)
  An entropy weaver (Vaults:4)
  2 ogre magi
  4 anacondas
  A dancing weapon (Elf:2)
  A two-headed ogre (D:15)
  5 death yaks
  6 naga warriors
  A deep elf knight (Elf:2)
  A shock serpent (Snake:4)
  A spriggan berserker (Elf:3)
  An iron troll (Depths:2)
  A glowing orange brain (Slime:1)
  4 deep trolls
  4 naga ritualists
  An orb spider (Zig:7)
  2 ironbound convokers (Vaults:5)
  A lindwurm (Vaults:3)
  A phantasmal warrior (Vaults:5)
  2 mana vipers (Snake:4)
  2 deep elf zephyrmancers (Elf:2)
  A wolf spider (Zig:7)
  An orc sorcerer (Orc:2)
  2 ugly things
  2 moths of wrath (Zig:7)
  A salamander (Snake:4)
  An elephant (Lair:5)
  4 guardian serpents (Snake:4)
  A naga mage (Snake:4)
  A guardian serpent (shapeshifter) (Vaults:5)
  5 black mambas
  A vault sentinel (Vaults:4)
  An eye of devastation (Slime:5)
  A komodo dragon (Lair:3)
  A troll (Orc:2)
  A dream sheep (Lair:5)
  4 blink frogs (Lair:3)
  4 slime creatures
  A water elemental (Elf:2)
  3 yaks
  A basilisk (shapeshifter) (D:15)
  A wyvern (Lair:5)
  13 nagas
  An acid dragon (Depths:4)
  2 ogres
  2 starcursed masses (Abyss:2)
  An orc wizard (Orc:2)
  4 orcs (Orc:2)
130 creatures vanquished.

Vanquished Creatures (others)
  A draconian knight (Zot:3)
  An ironbound preserver (Vaults:3)
  A vampire knight (Depths:2)
  A purple draconian (Zot:1)
  An anaconda (Snake:4)
  3 deep elf zephyrmancers
  A phantasmal warrior (Crypt:1)
  3 deep elf pyromancers
  Maurice (D:13)
  A black mamba (Snake:4)
  A guardian serpent (Abyss:2)
  An orange demon (D:2)
  A spark wasp simulacrum (Zig:9)
  2 bloated husks (Swamp:1)
  A dire elephant simulacrum (Crypt:1)
  A human (D:13)
  A harpy simulacrum (Crypt:1)
  An acid dragon (Zot:2)
  A black mamba simulacrum (Crypt:1)
  A boggart (D:15)
  2 foxfires (Swamp:1)
  33 fungi
  23 plants
  47 spectral weapons
  A starspawn tentacle (Abyss:2)
  6 withered plants
137 creatures vanquished.

Grand Total: 2590 creatures vanquished

Notes
Turn   | Place    | Note
-------+----------+-------------------------------------------
     0 | D:1      | dolemite99 the Hill Orc Fighter began the quest for the
                  | Orb.
     0 | D:1      | Reached XP level 1. HP: 19/19 MP: 1/1
    56 | D:1      | Found a faded altar of an unknown god.
    66 | D:1      | Prayed at the altar of an unknown god.
    66 | D:1      | Became a worshipper of Qazlal Stormbringer
    66 | D:1      | Reached * piety under Qazlal
    93 | D:1      | Reached XP level 2. HP: 26/26 MP: 2/2
   232 | D:1      | Reached XP level 3. HP: 30/31 MP: 3/3
   250 | D:1      | Reached ** piety under Qazlal
   597 | D:2      | Reached skill level 5 in Axes
   635 | D:2      | Found Ytiyz's Book Boutique.
   958 | D:2      | Reached XP level 4. HP: 39/39 MP: 4/4
  1483 | D:3      | Noticed a small abomination
  1488 | D:3      | Found a transporter.
  1548 | D:3      | Found a transporter.
  2091 | D:4      | Noticed a black bear
  2195 | D:4      | Killed a black bear
  2196 | D:4      | Reached skill level 3 in Invocations
  2196 | D:4      | Reached XP level 5. HP: 45/45 MP: 4/7
  2203 | D:4      | Reached skill level 4 in Invocations
  2245 | D:4      | Paralysed by an orc for 4 turns
  2660 | D:4      | Paralysed by an orc for 3 turns
  2708 | D:4      | Found a shimmering blue altar of Sif Muna.
  2803 | D:4      | Reached *** piety under Qazlal
  2804 | D:4      | Reached XP level 6. HP: 48/51 MP: 9/9
  2809 | D:4      | Reached skill level 5 in Invocations
  2884 | D:4      | Noticed Robin
  2900 | D:4      | Killed Robin
  3300 | D:4      | Reached skill level 6 in Invocations
  3444 | D:4      | Reached XP level 7. HP: 57/57 MP: 11/11
  3499 | D:4      | Found a sparkling altar of Nemelex Xobeh.
  4020 | D:5      | Entered Level 5 of the Dungeon
  4027 | D:5      | Identified the +3 rapier of Qaves {heavy, Str+3}
  4221 | D:6      | Noticed Blork the orc
  4228 | D:6      | Killed Blork the orc
  4229 | D:6      | Reached XP level 8. HP: 63/64 MP: 12/12
  4250 | D:6      | Reached **** piety under Qazlal
  4339 | D:5      | Reached skill level 10 in Axes
  4339 | D:5      | Noticed Ijyb
  4343 | D:5      | Killed Ijyb
  4372 | D:5      | Noticed Pikel
  4385 | D:5      | Killed Pikel
  4683 | D:5      | Found an ancient bone altar of Kikubaaqudgha.
  4683 | D:5      | Found a blossoming altar of Fedhas.
  5000 | D:5      | Reached XP level 9. HP: 70/70 MP: 13/13
  5744 | D:6      | Noticed Sigmund
  5758 | D:6      | Killed Sigmund
  5759 | D:6      | Reached skill level 7 in Invocations
  5828 | D:6      | Found a runed translucent door.
  5829 | D:6      | Noticed Crazy Yiuf
  5833 | D:6      | Killed Crazy Yiuf
  5927 | D:6      | Found Annib's Distillery.
  5936 | D:6      | Bought a potion of heal wounds for 70 gold pieces
  5936 | D:6      | Bought 2 potions of heal wounds for 140 gold pieces
  5936 | D:6      | Bought a potion of lignification for 42 gold pieces
  6327 | D:7      | Reached skill level 8 in Invocations
  6755 | D:7      | Reached skill level 9 in Invocations
  6906 | D:7      | Reached ***** piety under Qazlal
  6909 | D:7      | Reached skill level 5 in Fighting
  6989 | D:7      | Reached XP level 10. HP: 86/86 MP: 16/16
  7112 | D:7      | Found a staircase to the Ecumenical Temple.
  7128 | D:7      | Found a burning altar of Makhleb.
  7269 | D:7      | Found a hide-covered altar of Uskayaw.
  7301 | D:7      | Found an iron altar of Okawaru.
  7301 | D:7      | Found a broken altar of Ashenzari.
  7301 | D:7      | Found an ornate altar of the Wu Jian Council.
  7301 | D:7      | Found a hazy altar of Hepliaklqana.
  7313 | D:7      | Found a glowing golden altar of the Shining One.
  7318 | D:7      | Found a shadowy altar of Dithmenos.
  7511 | D:8      | Noticed Grum
  7520 | D:8      | Killed Grum
  8036 | D:8      | Found a bloodstained altar of Trog.
  8233 | D:8      | Noticed a two-headed ogre
  8241 | D:8      | Killed a two-headed ogre
  8888 | D:8      | Found a runed translucent door.
  8888 | D:8      | Noticed Fodor's ghost (novice MiFi)
  8950 | D:8      | You fall into a shaft and drop 2 floors!
  8950 | D:10     | Entered Level 10 of the Dungeon
  8992 | D:9      | Noticed a two-headed ogre
  9000 | D:9      | Killed a two-headed ogre
  9001 | D:9      | Reached skill level 5 in Shields
  9386 | D:9      | Found a basalt altar of Yredelemnul.
  9585 | D:9      | Found a stormy altar of Qazlal.
  9657 | D:9      | Reached XP level 11. HP: 95/95 MP: 17/17
  9799 | D:9      | Found a staircase to the Lair.
 10275 | D:10     | Reached skill level 10 in Fighting
 10614 | D:10     | Noticed a two-headed ogre
 10621 | D:10     | Killed a two-headed ogre
 11233 | D:11     | Found a runed translucent gate.
 11233 | D:11     | Found a runed translucent gate.
 11233 | D:11     | Found a runed translucent gate.
 11234 | D:11     | Noticed middlethird's ghost (journeyman VSAE)
 11330 | D:11     | Noticed a two-headed ogre
 11338 | D:11     | Killed a two-headed ogre
 11443 | D:11     | Noticed a boulder beetle
 11453 | D:11     | Killed a boulder beetle
 11469 | D:11     | Noticed Urug
 11481 | D:11     | Killed Urug
 11595 | D:11     | Noticed a two-headed ogre
 11603 | D:11     | Killed a two-headed ogre
 11888 | D:11     | Found a viscous altar of Jiyva.
 11973 | Lair:1   | Entered Level 1 of the Lair of Beasts
 12019 | Lair:1   | Got the Folio of Arenous Clouds
 12024 | Lair:1   | Reached skill level 1 in Maces & Flails
 12115 | Lair:1   | Reached XP level 12. HP: 111/113 MP: 18/18
 12156 | Lair:1   | Reached skill level 1 in Evocations
 12170 | Lair:1   | Noticed Amaemon
 12182 | Lair:1   | Killed Amaemon
 12503 | Lair:1   | Reached skill level 5 in Maces & Flails
 13545 | Lair:2   | Noticed a five-headed hydra
 13553 | Lair:1   | Killed a five-headed hydra
 13796 | Lair:2   | Noticed a death yak
 13797 | Lair:2   | Noticed Brutalitops's ghost (journeyman OgBr)
 13798 | Lair:2   | Noticed a death yak
 13804 | Lair:2   | Found a runed translucent gate.
 13806 | Lair:2   | Killed a death yak
 13810 | Lair:2   | Killed a death yak
 14020 | Lair:2   | Found a staircase to the Snake Pit.
 14333 | Lair:2   | Found a runed translucent gate.
 14333 | Lair:2   | Found a runed translucent gate.
 14906 | Lair:3   | Noticed a four-headed hydra
 14913 | Lair:3   | Noticed a death yak
 14914 | Lair:3   | Killed a four-headed hydra
 14918 | Lair:3   | Noticed a death yak
 14920 | Lair:3   | Noticed a death yak
 14930 | Lair:2   | Reached skill level 10 in Shields
 14930 | Lair:2   | Reached XP level 13. HP: 104/119 MP: 14/19
 15503 | Lair:3   | Found a staircase to the Swamp.
 15986 | Lair:4   | Found a staircase to the Slime Pits.
 15987 | Lair:4   | Found a viscous altar of Jiyva.
 16287 | Lair:4   | Reached skill level 10 in Armour
 16919 | Lair:5   | Entered Level 5 of the Lair of Beasts
 17081 | Lair:5   | Reached XP level 14. HP: 127/127 MP: 20/20
 19136 | Lair:5   | Noticed a dire elephant
 19149 | Lair:5   | Killed a dire elephant
 19410 | Lair:5   | Identified the +9 shadow dragon scales of the Old and
                  | Reckless {rCorr Int+3 Stlth++++}
 19942 | D:8      | Killed Fodor's ghost
 19943 | D:8      | Reached skill level 1 in Dodging
 20089 | D:11     | Killed middlethird's ghost
 20363 | D:12     | Identified the +1 robe of Circular Logic {Harm}
 20582 | D:12     | Found a staircase to the Orcish Mines.
 20605 | D:13     | Found a runed translucent gate.
 20690 | D:13     | Reached XP level 15. HP: 134/134 MP: 21/21
 20804 | D:13     | Noticed Rupert
 20831 | D:13     | Killed Rupert
 20914 | D:13     | Noticed Kirke
 20930 | D:13     | Killed Kirke
 21067 | D:13     | Reached skill level 5 in Evocations
 21218 | D:13     | Identified the +2 quarterstaff of Pesam {heavy, rC+ Str+3}
 21703 | Orc:1    | Entered Level 1 of the Orcish Mines
 21875 | Orc:1    | Found a transporter.
 21886 | Orc:1    | Noticed Veudig's ghost (journeyman HOFi)
 22132 | Orc:1    | Found a transporter.
 22323 | Orc:1    | Found Inanuscha's Magic Scroll Emporium.
 22327 | Orc:1    | Bought a scroll of summoning for 142 gold pieces
 22327 | Orc:1    | Bought a scroll of enchant weapon for 112 gold pieces
 22327 | Orc:1    | Bought a scroll of enchant weapon for 112 gold pieces
 22327 | Orc:1    | Bought a scroll of identify for 30 gold pieces
 22327 | Orc:1    | Bought a scroll of identify for 30 gold pieces
 22327 | Orc:1    | Bought a scroll of identify for 30 gold pieces
 22844 | Orc:2    | Entered Level 2 of the Orcish Mines
 23004 | Orc:2    | Found Kihog's Gadget Gallery.
 23045 | Orc:2    | Found a staircase to the Elven Halls.
 23054 | Orc:2    | Noticed Sonja
 23058 | Orc:2    | Killed Sonja
 23104 | Orc:2    | Found a runed translucent gate.
 23104 | Orc:2    | Found a runed translucent gate.
 23104 | Orc:2    | Found a runed translucent gate.
 23104 | Orc:2    | Noticed barkas's ghost (journeyman CeMo)
 23275 | Orc:2    | Noticed Azrael
 23289 | Orc:2    | Killed Azrael
 23328 | Orc:2    | Noticed Erolcha
 23340 | Orc:2    | Killed Erolcha
 23526 | Orc:2    | Reached skill level 10 in Evocations
 23753 | Orc:2    | Found Yluafo Poch's Antique Weapon Shop.
 23781 | Orc:2    | Found an ancient bone altar of Kikubaaqudgha.
 23843 | Orc:2    | Found Zuridgh's Magic Scroll Boutique.
 23861 | Orc:2    | Found a radiant altar of Vehumet.
 23922 | Orc:2    | Paralysed by an orc sorcerer for 5 turns
 23989 | Orc:2    | Found a roughly hewn altar of Beogh.
 23989 | Orc:2    | Found Umniymof's Book Shop.
 24003 | Orc:2    | Learned a level 2 spell: Blink
 24006 | Orc:2    | Learned a level 2 spell: Lesser Beckoning
 24009 | Orc:2    | Learned a level 2 spell: Passwall
 24013 | Orc:2    | Learned a level 3 spell: Swiftness
 24019 | Orc:2    | Found Tocwoxt's Antique Armour Boutique.
 24195 | Orc:2    | Bought a scroll of poison for 60 gold pieces
 24195 | Orc:2    | Bought a scroll of enchant weapon for 112 gold pieces
 24195 | Orc:2    | Bought a scroll of fog for 60 gold pieces
 24303 | Orc:2    | Bought a wand of acid (5) for 294 gold pieces
 24303 | Orc:2    | Bought a wand of acid (3) for 176 gold pieces
 24303 | Orc:2    | Bought a wand of flame (3) for 29 gold pieces
 24303 | Orc:2    | Bought a wand of flame (4) for 39 gold pieces
 24303 | Orc:2    | Bought a wand of flame (10) for 98 gold pieces
 24303 | Orc:2    | Bought a wand of mindburst (1) for 19 gold pieces
 24303 | Orc:2    | Bought a wand of iceblast (6) for 201 gold pieces
 24427 | D:13     | Noticed Maurice
 24439 | D:13     | Killed Maurice
 24565 | D:13     | Found a runed translucent gate.
 24565 | D:13     | Found an opulent altar of Gozag.
 24566 | D:13     | Found a runed translucent gate.
 24572 | D:13     | Found Kihylill's Assorted Antiques.
 24573 | D:13     | Noticed Xyoprad's ghost (journeyman FoFi)
 24785 | D:14     | Found a broken altar of Ashenzari.
 25130 | D:14     | Noticed Nessos
 25136 | D:14     | Killed Nessos
 25257 | D:15     | Entered Level 15 of the Dungeon
 25655 | D:15     | Reached skill level 10 in Invocations
 25845 | D:15     | Found a staircase to the Depths.
 25880 | D:15     | Noticed Agnes
 25884 | D:15     | Killed Agnes
 25885 | D:15     | Reached XP level 16. HP: 141/141 MP: 17/24
 25933 | D:15     | Found a roughly hewn altar of Beogh.
 26095 | D:15     | Reached skill level 11 in Invocations
 26450 | Snake:1  | Entered Level 1 of the Snake Pit
 26477 | Snake:1  | Identified the +0 dagger of Sufficient Forgiveness {freeze,
                  | Stlth+}
 26540 | Snake:1  | Reached skill level 12 in Invocations
 27177 | Snake:2  | Reached skill level 13 in Invocations
 28195 | Snake:2  | Reached skill level 14 in Invocations
 28319 | Snake:2  | Found Weut's Antique Armour Emporium.
 28326 | Snake:2  | Bought a shiny helmet for 247 gold pieces
 28366 | Snake:2  | Found Veweuhif's Book Emporium.
 28366 | Snake:2  | Found Puutuc's Magic Scroll Shoppe.
 28374 | Snake:2  | Bought a scroll of summoning for 161 gold pieces
 28374 | Snake:2  | Bought a scroll of summoning for 161 gold pieces
 28416 | Snake:2  | Found Nusaenao's General Store.
 28783 | Snake:2  | Found Raumyqu's Antique Weapon Shop.
 28792 | Snake:2  | Found Umoel's Distillery.
 28928 | Snake:2  | Found Memiff's Distillery.
 29037 | Snake:3  | Reached skill level 15 in Invocations
 29565 | Snake:3  | Reached skill level 1 in Translocations
 30079 | Snake:4  | Entered Level 4 of the Snake Pit
 30092 | Snake:4  | Reached XP level 17. HP: 51/151 MP: 15/28
 30094 | Snake:4  | Reached skill level 5 in Translocations
 30122 | Snake:4  | Noticed Aizul
 30141 | Snake:4  | Killed Aizul
 30919 | Snake:4  | Found a snail-covered altar of Cheibriados.
 31281 | Snake:4  | Found Ymangy's Antique Weapon Shop.
 31390 | Snake:4  | Reached skill level 1 in Spellcasting
 35044 | Snake:4  | Reached skill level 15 in Fighting
 36722 | Snake:2  | Bought a potion of curing for 42 gold pieces
 36722 | Snake:2  | Bought a potion of curing for 42 gold pieces
 36722 | Snake:2  | Bought a potion of curing for 42 gold pieces
 36722 | Snake:2  | Bought a potion of berserk rage for 70 gold pieces
 36722 | Snake:2  | Bought a potion of might for 56 gold pieces
 36840 | Snake:4  | Got a serpentine rune of Zot
 37150 | Elf:1    | Entered Level 1 of the Elven Halls
 37290 | Elf:1    | Reached XP level 18. HP: 86/168 MP: 8/29
 37935 | Elf:1    | Noticed Gerad's ghost (veteran VSAK)
 37936 | Elf:1    | Identified the +4 trident "Elel" {flame, Will+ Dex+4}
 37936 | Elf:1    | Paralysed by an air elemental for 1 turns
 37938 | Elf:1    | Paralysed by an air elemental for 1 turns
 37999 | Elf:1    | Found a runed translucent gate.
 37999 | Elf:1    | Found a runed translucent gate.
 37999 | Elf:1    | Found a runed translucent gate.
 38622 | Elf:1    | Paralysed by an air elemental for 1 turns
 39221 | Elf:1    | Identified the staff of poison "Jonuin" {rPois Will+ Str-3
                  | Dex+2}
 39696 | Snake:2  | Bought a scroll of teleportation for 51 gold pieces
 39696 | Snake:2  | Bought a scroll of teleportation for 51 gold pieces
 39696 | Snake:2  | Bought a scroll of teleportation for 51 gold pieces
 39696 | Snake:2  | Bought a scroll of teleportation for 51 gold pieces
 39976 | D:13     | Noticed Snorg
 40012 | D:13     | Killed Snorg
 40432 | D:13     | Found a gate to the Vaults.
 40590 | Vaults:1 | Entered Level 1 of the Vaults
 40732 | Vaults:1 | Reached skill level 15 in Shields
 41011 | Vaults:1 | Found a runed translucent door.
 41392 | Vaults:1 | Found Wopnaop's Armour Shop.
 43299 | Vaults:2 | Identified the +0 morningstar of the Nurturing Big Fish
                  | {freeze, rPois Int+3}
 45093 | Snake:2  | Bought a potion of heal wounds for 85 gold pieces
 45093 | Snake:2  | Bought a potion of curing for 51 gold pieces
 45364 | Vaults:2 | Reached XP level 19. HP: 179/179 MP: 30/30
 46928 | Vaults:3 | Found a staircase to the Crypt.
 47184 | Vaults:3 | Reached skill level 15 in Armour
 47985 | Abyss:2  | Cast into level 2 of the Abyss (a wizard)
 48613 | Vaults:3 | Escaped the Abyss
 48632 | Vaults:3 | Paralysed by a sphinx for 5 turns
 49576 | Vaults:4 | Found Orchogiu's Magic Scroll Emporium.
 49741 | Vaults:4 | Reached XP level 20. HP: 160/188 MP: 13/31
 51015 | Vaults:4 | Found Miligyus's Assorted Antiques.
 51155 | Vaults:4 | Bought a scroll of teleportation for 114 gold pieces
 51275 | Vaults:4 | Found Viahuor's Armour Shop.
 51624 | Vaults:4 | Found Baguh's Book Emporium.
 52033 | Elf:2    | Noticed Nikola
 52070 | Elf:2    | Found Omech's Distillery.
 52822 | Snake:2  | Bought 2 potions of attraction for 102 gold pieces
 52822 | Snake:2  | Bought 2 potions of resistance for 340 gold pieces
 52822 | Snake:2  | Bought a potion of invisibility for 136 gold pieces
 52822 | Snake:2  | Bought a potion of invisibility for 136 gold pieces
 53147 | Depths:1 | Entered Level 1 of the Depths
 53960 | Depths:1 | Noticed a golden dragon
 53972 | Depths:1 | Killed a golden dragon
 54705 | Orc:2    | Killed barkas's ghost
 55000 | Lair:2   | Killed Brutalitops's ghost
 55695 | Depths:2 | Reached XP level 21. HP: 201/204 MP: 32/32
 56026 | Depths:1 | Found a gateway to Hell.
 56116 | Depths:1 | Found a stormy altar of Qazlal.
 57073 | Depths:2 | Identified the +5 flail of Anguish {heavy, Str+6 Int-5
                  | SInv}
 57164 | Depths:1 | Paralysed by a vampire knight for 5 turns
 58704 | Depths:2 | Found a one-way gate leading to the halls of Pandemonium.
 59663 | Depths:3 | Found a one-way gate to the infinite horrors of the Abyss.
 59983 | Depths:3 | Found a one-way gateway to a ziggurat.
 60024 | Depths:3 | Reached skill level 15 in Axes
 60557 | Crypt:1  | Entered Level 1 of the Crypt
 61514 | Crypt:1  | Identified the ring of the Lusting Priest {Ice rElec Int+3
                  | Dex+3 Stlth-}
 61514 | Crypt:1  | Noticed Josephina
 61547 | Crypt:1  | Paralysed by a vampire knight for 2 turns
 61978 | Crypt:2  | HP: 1/203 [skeletal warrior/+0 battleaxe[an ancient
                  | champion] (12)]
 62156 | Crypt:1  | HP: 4/196 [ancient champion/iron shot (26)]
 62164 | Crypt:1  | HP: 1/200 [fenstrider witch skeleton[a necromancer] (6)]
 63182 | Depths:3 | Found Wiothox's Jewellery Shoppe.
 63183 | Depths:3 | Found Wuptimir's Book Boutique.
 63183 | Depths:3 | Found Wowooqar's Book Boutique.
 63817 | Depths:3 | Reached XP level 22. HP: 214/217 MP: 33/33
 63841 | Depths:3 | Found the +0 pair of fencer's gloves {Riposte Dex+3}
 63917 | Depths:3 | Found a glowing silver altar of Zin.
 63917 | Depths:3 | Found a white marble altar of Elyvilon.
 63917 | Depths:3 | Found a glowing golden altar of the Shining One.
 63975 | Depths:4 | Entered Level 4 of the Depths
 64304 | Depths:4 | Noticed a golden dragon
 64324 | Depths:4 | Killed a golden dragon
 64351 | Depths:4 | Reached skill level 16 in Invocations
 64383 | Depths:4 | Noticed a caustic shrike
 64388 | Depths:4 | Noticed a caustic shrike
 64389 | Depths:4 | Noticed a caustic shrike
 64397 | Depths:3 | Killed a caustic shrike
 64750 | Depths:4 | Killed a caustic shrike
 65149 | Depths:4 | Reached skill level 17 in Invocations
 65242 | Depths:4 | Found an opulent altar of Gozag.
 65247 | Depths:4 | Found an opulent altar of Gozag.
 65248 | Depths:4 | Found an opulent altar of Gozag.
 65258 | Depths:4 | Found an opulent altar of Gozag.
 65359 | Depths:4 | Killed a caustic shrike
 65759 | Depths:4 | Noticed a golden dragon
 65773 | Depths:4 | Killed a golden dragon
 66314 | Depths:4 | Reached skill level 18 in Invocations
 66811 | Depths:4 | Found a gate to the Realm of Zot.
 67368 | Swamp:1  | Entered Level 1 of the Swamp
 68097 | Swamp:2  | Reached skill level 19 in Invocations
 68256 | Swamp:2  | Found a transporter.
 68339 | Swamp:2  | Found a transporter.
 68430 | Swamp:2  | Identified the +0 helmet of Nionyel {Will++}
 68432 | Swamp:2  | Identified the ring of Gacot {rF+ Str+3 Int+3}
 69134 | Elf:2    | Killed Nikola
 69294 | Elf:2    | Bought a potion of heal wounds for 85 gold pieces
 69294 | Elf:2    | Bought a potion of brilliance for 68 gold pieces
 69294 | Elf:2    | Bought a potion of might for 68 gold pieces
 69294 | Elf:2    | Bought a potion of might for 68 gold pieces
 69294 | Elf:2    | Bought a potion of curing for 51 gold pieces
 69294 | Elf:2    | Bought a potion of flight for 51 gold pieces
 69393 | Elf:2    | Found Nakyma's Jewellery Boutique.
 69401 | Elf:2    | Reached skill level 20 in Invocations
 69469 | Elf:2    | Found Ymyx's Jewellery Shoppe.
 69485 | Elf:2    | Noticed Roxanne
 69511 | Elf:2    | Killed Roxanne
 69874 | Elf:2    | Found a runed translucent gate.
 69875 | Elf:2    | Found a runed translucent gate.
 69875 | Elf:2    | Found a runed translucent gate.
 70121 | Elf:2    | Found a gateway to a bazaar.
 70128 | Bazaar   | Entered a bazaar
 70128 | Bazaar   | Found Itegaug's Book Shoppe.
 70128 | Bazaar   | Found Xeapsum's Book Emporium.
 70130 | Bazaar   | Found Vayps's Antique Armour Shoppe.
 70138 | Bazaar   | Found Zesuc's Assorted Antiques.
 70148 | Bazaar   | Bought a scroll labelled MOACIC DEATURGH for 29 gold pieces
 70150 | Bazaar   | Acquired a +3 vampiric war axe
 70185 | Elf:2    | Found Nonkoust's Jewellery Shop.
 70330 | Elf:2    | Noticed Jorgrun
 70339 | Elf:2    | Killed Jorgrun
 70433 | Elf:2    | Reached skill level 21 in Invocations
 71163 | Elf:2    | Reached XP level 23. HP: 225/225 MP: 37/37
 71397 | Elf:3    | Entered Level 3 of the Elven Halls
 71670 | Elf:3    | Found a bloodstained altar of Trog.
 71703 | Elf:3    | Found Ilekyvadgh's Magic Scroll Emporium.
 71714 | Elf:3    | Bought a scroll of blinking for 97 gold pieces
 71714 | Elf:3    | Bought 2 scrolls of teleportation for 78 gold pieces
 72200 | Elf:3    | Reached skill level 22 in Invocations
 72975 | Elf:3    | Reached skill level 23 in Invocations
 73090 | Elf:3    | Identified the +5 morningstar of Wyrd {flame, rF+}
 74217 | Elf:3    | Got the Treatise on Septic Astrapomancy
 74227 | Elf:3    | Identified the staff of earth "Fopheugo" {Will+ Str+2
                  | Int+3}
 74378 | Elf:3    | Got the Incunabulum of the Putrid Wind
 74390 | Elf:3    | Got the Handbook of the Crypt
 74420 | Elf:3    | Identified the +1 morningstar of the Brain {drain, rPois
                  | rN+ Str+3}
 74455 | Elf:3    | Identified the +5 short sword "Jaatirri" {flame, *Corrode
                  | rElec Str+3}
 74730 | D:13     | Killed Xyoprad's ghost
 75015 | D:13     | Bought a scroll of enchant weapon for 142 gold pieces
 75015 | D:13     | Bought a scroll of enchant armour for 142 gold pieces
 75239 | Crypt:1  | Killed Josephina
 75267 | Crypt:1  | Reached skill level 24 in Invocations
 75320 | Crypt:1  | Noticed Sojobo
 75338 | Crypt:1  | Paralysed by an air elemental for 1 turns
 75576 | Crypt:1  | Paralysed by an air elemental for 1 turns
 75593 | Crypt:1  | Killed Sojobo
 77100 | Crypt:3  | Entered Level 3 of the Crypt
 77179 | Crypt:2  | Reached skill level 25 in Invocations
 77605 | Crypt:2  | Identified the ring "Waretipow" {rElec Dex+6}
 80496 | Crypt:3  | Reached XP level 24. HP: 214/231 MP: 39/39
 80498 | Crypt:3  | Reached skill level 26 in Invocations
 80992 | Crypt:3  | Found an ancient bone altar of Kikubaaqudgha.
 81986 | Crypt:3  | Reached skill level 27 in Invocations
 82318 | Crypt:3  | Found the +7 sceptre of Torment {pain, torment}
 82336 | Crypt:3  | Identified the staff of death "Nette" {rElec rN+ SInv}
 82882 | Crypt:3  | Found a basalt altar of Yredelemnul.
 83204 | Crypt:3  | Found a staircase to the Tomb.
 83432 | Crypt:3  | Identified the ring of the Princeling {rF- rCorr AC+4
                  | Dex+2}
 83725 | Vaults:4 | Bought a scroll of enchant armour for 172 gold pieces
 83725 | Vaults:4 | Bought a scroll of brand weapon for 218 gold pieces
 83833 | Vaults:4 | Bought a scroll of vulnerability for 92 gold pieces
 83833 | Vaults:4 | Bought a scroll of vulnerability for 92 gold pieces
 83833 | Vaults:4 | Bought a scroll of immolation for 92 gold pieces
 84956 | Snake:2  | Bought a potion of haste for 110 gold pieces
 84956 | Snake:2  | Bought a wand of paralysis (8) for 211 gold pieces
 85220 | Elf:3    | Bought a scroll of enchant weapon for 97 gold pieces
 85220 | Elf:3    | Bought a scroll of enchant weapon for 97 gold pieces
 85489 | Snake:2  | Bought a scroll of silence for 161 gold pieces
 85681 | Slime:1  | Entered Level 1 of the Pits of Slime
 85880 | Slime:1  | Gained mutation: Your flesh is heat resistant. (rF+) [a
                  | shining eye]
 86666 | Slime:3  | Noticed Dissolution
 87345 | Slime:3  | Reached skill level 5 in Spellcasting
 87944 | Slime:2  | Killed Dissolution
 89262 | Slime:5  | Entered Level 5 of the Pits of Slime
 89342 | Slime:5  | Noticed the Royal Jelly
 89354 | Slime:5  | Killed the Royal Jelly
 90371 | Slime:3  | Reached XP level 25. HP: 228/243 MP: 40/40
 91022 | Slime:4  | Gained mutation: You occasionally lose the ability to drink
                  | potions when taking damage. [a shining eye]
 91024 | Slime:4  | Gained mutation: You are dopey. (Int -2) [a shining eye]
 91031 | Slime:4  | Gained mutation: You occasionally lose the ability to read
                  | scrolls when taking damage. [a shining eye]
 91365 | Slime:5  | Gained mutation: You are weak. (Str -2) [a shining eye]
 91614 | Slime:5  | Got a slimy rune of Zot
 91625 | Slime:5  | Identified the ring of Sonneenk {Will+ Slay+2 SInv}
 91627 | Slime:5  | Identified the +2 broad axe of Destiny {flame, Fly SInv
                  | Stlth+}
 91637 | Slime:5  | Lost mutation: You occasionally lose the ability to read
                  | scrolls when taking damage. [potion of mutation]
 91637 | Slime:5  | Lost mutation: You occasionally lose the ability to drink
                  | potions when taking damage. [potion of mutation]
 91637 | Slime:5  | Lost mutation: You are weak. (Str -2) [potion of mutation]
 91637 | Slime:5  | Gained mutation: Your system is resistant to poisons.
                  | (rPois) [potion of mutation]
 91637 | Slime:5  | Gained mutation: You are robust. (+10% HP) [potion of
                  | mutation]
 91637 | Slime:5  | Gained mutation: You are partially covered in iridescent
                  | scales. (AC +2) [potion of mutation]
 91725 | Slime:5  | Identified the amulet "Igaqaub" {Harm rElec Regen+ Str+4}
 92429 | Zig:1    | Entered Level 1 of a ziggurat
 92544 | Zig:2    | Entered Level 2 of a ziggurat
 92869 | Zig:3    | Entered Level 3 of a ziggurat
 92910 | Zig:4    | Entered Level 4 of a ziggurat
 92947 | Zig:4    | Identified the +7 rapier of Defence {heavy, rF++ rN+ Dex+2}
 92968 | Zig:5    | Entered Level 5 of a ziggurat
 92985 | Zig:5    | Reached skill level 10 in Maces & Flails
 93019 | Zig:6    | Entered Level 6 of a ziggurat
 93024 | Zig:6    | Noticed a shard shrike
 93038 | Zig:6    | Killed a shard shrike
 93323 | Zig:6    | Identified the ring of Sunlight {Will+ Str+6 Stlth+}
 93449 | Zig:7    | Entered Level 7 of a ziggurat
 93708 | Zig:8    | Entered Level 8 of a ziggurat
 93961 | Zig:8    | Got Keduxzul's Secrets of the Body
 93968 | Zig:8    | Identified the staff of cold "Imerrauh" {rC+ rCorr}
 94015 | Zig:9    | Entered Level 9 of a ziggurat
 94029 | Zig:9    | Noticed a shard shrike
 94039 | Zig:9    | Killed a shard shrike
 94050 | Zig:9    | Paralysed by a wendigo for 1 turns
 94252 | Zig:9    | Found the +8 frozen axe "Frostbite" {freeze, freezing
                  | cloud, *Noise Fly rC+}
 94285 | Zig:9    | Got Vaihialaen's Enchiridion on the Flock
 94287 | Zig:9    | Got the Textbook on Cleavage and the Flock
 94293 | Zig:10   | Entered Level 10 of a ziggurat
 94309 | Zig:10   | Reached skill level 1 in Transmutations
 94313 | Zig:10   | Noticed Lusialeidu the pandemonium lord
 94314 | Zig:10   | Reached skill level 1 in Earth Magic
 94323 | Zig:10   | Killed Lusialeidu the pandemonium lord
 94761 | D:13     | Bought a phantom mirror for 760 gold pieces
 94907 | Vaults:5 | Entered Level 5 of the Vaults
 94921 | Vaults:5 | Reached skill level 5 in Earth Magic
 94921 | Vaults:5 | Identified the +0 leather armour "Uremmole" {rN+ Str+6
                  | Dex+5}
 94959 | Vaults:5 | Reached skill level 5 in Transmutations
 94961 | Vaults:5 | Reached XP level 26. HP: 168/276 MP: 33/40
 94968 | Vaults:5 | Noticed an ancient lich
 95015 | Vaults:5 | Killed an ancient lich
 95204 | Vaults:5 | Got the Spellbook of Wicked Mysteries
 95305 | Vaults:5 | Identified the +8 quarterstaff of the Harvest {antimagic,
                  | Int+4}
 95569 | Vaults:5 | Found Fetsis's Distillery.
 95585 | Vaults:5 | Bought a potion of heal wounds for 110 gold pieces
 95585 | Vaults:5 | Bought a potion of resistance for 220 gold pieces
 95585 | Vaults:5 | Bought a potion of curing for 66 gold pieces
 95585 | Vaults:5 | Bought a potion of curing for 66 gold pieces
 95585 | Vaults:5 | Bought a potion of cancellation for 176 gold pieces
 95585 | Vaults:5 | Bought a potion of cancellation for 176 gold pieces
 95585 | Vaults:5 | Bought a potion of magic for 176 gold pieces
 95588 | Vaults:5 | Found Hodoeh's Distillery.
 95588 | Vaults:5 | Noticed a dread lich
 95595 | Vaults:5 | Killed a dread lich
 95770 | Vaults:5 | Found Laqes's Distillery.
 95779 | Vaults:5 | Bought a potion of haste for 120 gold pieces
 95779 | Vaults:5 | Bought a potion of invisibility for 96 gold pieces
 95779 | Vaults:5 | Bought a potion of curing for 36 gold pieces
 95779 | Vaults:5 | Bought a potion of curing for 36 gold pieces
 95779 | Vaults:5 | Bought a potion of curing for 36 gold pieces
 95861 | Vaults:5 | Found Hadywk's Distillery.
 96370 | Vaults:5 | Reached skill level 10 in Earth Magic
 96676 | Vaults:5 | Got a silver rune of Zot
 97626 | Vaults:5 | Bought a potion of heal wounds for 60 gold pieces
 97626 | Vaults:5 | Bought a potion of heal wounds for 60 gold pieces
 97626 | Vaults:5 | Bought a potion of resistance for 120 gold pieces
 97626 | Vaults:5 | Bought a potion of curing for 36 gold pieces
 97626 | Vaults:5 | Bought a potion of curing for 36 gold pieces
 97630 | Vaults:5 | Bought a potion of berserk rage for 60 gold pieces
 97630 | Vaults:5 | Bought a potion of haste for 120 gold pieces
 97630 | Vaults:5 | Bought a potion of berserk rage for 60 gold pieces
 97645 | Vaults:5 | Learned a level 4 spell: Passage of Golubria
 98008 | Zot:1    | Entered Level 1 of the Realm of Zot
 98012 | Zot:1    | Reached skill level 1 in Air Magic
 98661 | Zot:1    | Reached skill level 5 in Air Magic
 99440 | Zot:2    | Reached XP level 27. HP: 164/284 MP: 40/40
100260 | Zot:2    | Reached skill level 10 in Air Magic
100298 | Zot:2    | Found the +4 dragonskin cloak
100298 | Zot:2    | Noticed Tiamat
100799 | Zot:3    | Noticed an orb of fire
100825 | Zot:2    | Killed an orb of fire
103066 | Zot:5    | Entered Level 5 of the Realm of Zot
103787 | Zot:5    | Reached skill level 10 in Transmutations
103931 | Zot:5    | Noticed an ancient lich
103959 | Zot:5    | Killed an ancient lich
104031 | Zot:5    | Noticed an orb of fire
104056 | Zot:5    | Killed an orb of fire
104316 | Zot:5    | Noticed an ancient lich
104330 | Zot:5    | Killed an ancient lich
104555 | Zot:5    | Noticed a dread lich
104581 | Zot:5    | Killed a dread lich
104612 | Zot:5    | Noticed an orb of fire
104613 | Zot:5    | Noticed an orb of fire
104883 | Zot:5    | Killed an orb of fire
104885 | Zot:5    | Killed an orb of fire
105219 | Zot:5    | Noticed an ancient lich
105225 | Zot:5    | Killed an ancient lich
105874 | Zot:5    | Noticed an orb of fire
105886 | Zot:5    | Killed an orb of fire
106144 | Zot:5    | Noticed an ancient lich
106150 | Zot:5    | Killed an ancient lich
106227 | Zot:5    | Got the Orb of Zot
106238 | Zot:5    | Noticed Zuskuri the pandemonium lord
106285 | Zot:3    | Noticed Puosiff the pandemonium lord
106308 | Zot:3    | Killed Puosiff the pandemonium lord
106371 | Zot:1    | Noticed Sojanyo the pandemonium lord
106706 | D:10     | Noticed Fejo the pandemonium lord
106720 | D:10     | Killed Fejo the pandemonium lord
106959 | D:2      | Noticed Joba the pandemonium lord
107010 | D:$      | Escaped with the Orb!

Illustrated notes

Levels and vault maps discovered:
D:1:      ncdulo_wetmaze, layout_rooms, ebering_ecumenical_altar_abandoned,
          minmay_hedge_maze
D:2:      layout_rooms, serial_shops, shop, nicolae_figureground_sparkle
D:3:      minmay_evil_eye, layout_basic, gammafunk_ghost_abyssal_escape,
          kennysheep_generic_room_8
D:4:      kennysheep_goblin_castle, layout_basic, nicolae_sif_muna_condensation,
          nemelex_altar_shiori, minmay_pentangle
D:5:      minmay_inner_zag, layout_rooms,
          grunt_temple_overflow_growth_and_decay, lemuel_flame_loot_1,
          uniq_ijyb, uniq_pikel
D:6:      layout_loops_ring, serial_shops, nicolae_shop_tiny_real_fake_doors,
          uniq_sigmund, uniq_crazy_yiuf_cottage, uniq_blork_the_orc
D:7:      minmay_spotlight, layout_rooms, mainiacjoe_overflow_surrounded_room,
          mainiacjoe_overflow_small_starburst, minmay_overflow_temple_hex,
          minmay_temple_entry_large_hall, minmay_holes,
          kb_lookout_dungeons_type, minmay_misc_feat_cross,
          kennysheep_generic_room_15
D:8:      layout_basic, mainiacjoe_overflow_cross_hatched,
          gammafunk_ghost_grave, uniq_grum
D:9:      layout_rooms, grunt_temple_overflow_open, lair_entry_dummy,
          centaur_isle
D:10:     layout_roguey, hangedman_fish_farm
D:11:     layout_roguey, gammafunk_ghost_ooze, uniq_urug
D:12:     layout_gridville, orc_0_dummy
D:13:     nicolae_cairo_tiling_large, layout_irregular_city,
          ximxim_vaults_locker_room, ebering_ghost_gozag, uniq_maurice,
          uniq_rupert, uniq_snorg, uniq_kirke
D:14:     layout_basic, nicolae_ashenzari_skybound, serial_curves,
          eino_curves_02, eino_curves_03, uniq_nessos
D:15:     grunt_enter_depths_hoard, layout_basic, special_room
          [special_room_orc], uniq_agnes
Lair:1:   layout_cave_pods, beast_lair_carwin_3, serial_bayou_shore_b,
          serial_bayou_shore_b, uniq_amaemon
Lair:2:   layout_regular_city, dummy_snake_entry, gammafunk_ghost_split
Lair:3:   layout_long_grid, minmay_swamp_entry_swarm, minivault_26
Lair:4:   layout_gridlike, slime_entry_1, mumra_transporter_accident,
          lemuel_fruit_fields, grunt_megastairs_4, serial_bayou_shore_a
Lair:5:   hangedman_lair_in_review, layout_cave_pods, wormcave
Swamp:1:  layout_falls_marsh, evilmike_swamp_ruin_house_3, swamp_pool1
Swamp:2:  gammafunk_worm_tunnel, layout_basic_swamp, nicolae_swamp_triple_paths
Snake:1:  layout_gridlike
Snake:2:  layout_cave_shapes, serial_shops, nicolae_shop_window_shopping,
          nicolae_diamond_shop, nicolae_stop_n_shop_2,
          nicolae_shop_advertising_works [nicolae_subvault_shop_adworks],
          nicolae_shop_crystal, minmay_shoptagon
Snake:3:  layout_misc_corridors
Snake:4:  grunt_snake_rune_spirals, layout_onion, basic_altar, serial_shops,
          nicolae_shop_window_shopping, uniq_aizul
Slime:1:  layout_caves, nicolae_slime_getting_an_eyeful
Slime:2:  layout_caves
Slime:3:  layout_caves, dissolution_awaits
Slime:4:  layout_caves, cheibrodos_slime_lost_civilization_7
Slime:5
Orc:1:    layout_diamond_mine, serial_shops, nicolae_shop_hallway_stairs,
          gammafunk_ghost_stat_death
Orc:2:    kennysheep_orc_mage_school, layout_caves, special_room,
          gammafunk_ghost_necromancy, nicolae_shop_gadgets, uniq_azrael,
          uniq_sonja, uniq_erolcha
Elf:1:    layout_geoelf_diagonals, gammafunk_ghost_split,
          minmay_elf_crystal_hexagon, minivault_11, drop_trap
Elf:2:    nicolae_elf_blades_crystal_corner, layout_geoelf_octagon,
          serial_shops, statue_bzr, nicolae_shop_back_alley_shop, shop, shop,
          nicolae_shop_waterfront, uniq_nikola, uniq_jorgrun, uniq_roxanne
Elf:3:    minmay_elf_hall_four_x, layout_geoelf_castle, serial_shops,
          nicolae_shop_hallway_stairs, evilmike_spriggan_trog_shrine
Vaults:1: nicolae_vaults_apartment_2, ontoclasm_vaults_twist,
          nicolae_vaults_closet_pinwheel_3, v_alt_pattern_1, v_pattern_2,
          nicolae_vaults_surprise_closet, grunt_vaults_funnel,
          nicolae_vaults_oozy_zoo, nicolae_vaults_double_plus_2,
          layout_vaults_omnigrid, serial_shops, shop_fountains
Vaults:2: vaults_dpeg_doors, st_more_cells, v_alt_pattern_5, v_misc_19,
          nicolae_vaults_hexular_roomagon, v_misc_16,
          nicolae_vaults_little_squares_4, v_misc_8,
          hangedman_vaults_river_flow, nicolae_vaults_angled_halls, v_misc_15,
          hangedman_vaults_slice, nicolae_vaults_storage_room_glass,
          nicolae_vaults_tetromino_T_2, vaults_room_pools, layout_vaults_omnibox
Vaults:3: st_squares, vaults_standard_mumra_lines, hangedman_vaults_locks,
          vaults_room_hallway, minmay_crypt_entry_simple_walls, v_pattern_1,
          grunt_vaults_diagonal, nicolae_vaults_house_1,
          nicolae_vaults_asterisk, layout_vaults_big_room
Vaults:4: v_rooms_6, nicolae_vaults_storage_room_statues,
          ontoclasm_vaults_shout, hangedman_vaults_corner_blocks,
          nicolae_vaults_frosty_reception, v_misc_27,
          nicolae_vaults_circle_grid_a, nicolae_vaults_sightless_eye,
          nicolae_vaults_more_shelving_2, nicolae_vaults_storage_closets_1,
          nicolae_vaults_trapezoid_2, nicolae_vaults_tetromino_L_2,
          nicolae_vaults_little_squares_5, nicolae_vaults_tetromino_Z_2,
          layout_vaults_maze_bifur, serial_shops, shop_coins,
          nicolae_shop_hallway_plus, shop, shop_scrolls
Vaults:5
Crypt:1:  layout_rooms, grunt_crypt_arrival_guarded_gate, grunt_megastairs_5,
          uniq_josephina, uniq_grunn, uniq_sojobo
Crypt:2:  layout_basic
Crypt:3:  due_elkab, layout_chaotic_city, tomb_entry_shell_bobbens,
          hangedman_feature_mirror
Depths:1: layout_small_grid, hangedman_tar_grid_catacomb, drop_trap,
          grunt_qazlal_sundering, serial_bayou_shore_b, nicolae_triple_integral
Depths:2: kennysheep_room_grid, layout_cave_shapes, rand_demon_pan_entry_4,
          minmay_staircase_bubble, hell_entry
Depths:3: kennysheep_ambush_hall, layout_cave_pools, enter_ziggurat_d,
          hell_entry, abyss_entry, good_gods_mini_temple, minmay_shop_grove
Depths:4: evilmike_zot_entry_gauntlet, layout_cave_pools, nrook_campfire,
          lightli_too_deep, nrook_mini_backslash, st_stairs_4,
          nicolae_gozag_conspicuous_consumption
Zot:1:    layout_misc_corridors
Zot:2:    layout_misc_corridors, st_grand_hoard_of_tiamat
Zot:3:    layout_onion, lemuel_elevator
Zot:4:    layout_gridlike
Zot:5:    layout_cellular_growth

Skill      XL: |  1  2  3  4  5  6  7  8  9 10 11 12 13 14 15 16 17 18 19 20 21 22 23 24 25 26 27 |
---------------+----------------------------------------------------------------------------------+-----
Axes           | 3 4 5 6 9 12 13 16 | 16.7
Invocations    | 3 4 6 9 10 15 21 25 27 | 27.0
Fighting       | 7 8 12 13 16 18 21 22 23 | 23.4
Armour         | 6 12 17 19 | 19.8
Shields        | 7 9 10 11 14 17 | 17.9
Throwing       | 2 3 |  3.7
Maces & Flails | 1 9 12 | 12.8
Evocations     | 3 14 | 14.2
Dodging        | 4 |  4.8
Translocations | 4 7 9 |  9.4
Spellcasting   | 4 7 8 |  8.9
Transmutations | 5 7 14 | 14.8
Earth Magic    | 6 10 14 | 14.1
Air Magic      | 7 10 | 10.5

Action                     |  1- 3 |  4- 6 |  7- 9 | 10-12 | 13-15 | 16-18 | 19-21 | 22-24 | 25-27 || total
---------------------------+-------+-------+-------+-------+-------+-------+-------+-------+-------++-------
  Melee: War axe           |   107 |    93 |   166 |   246 |   116 |       |       |       |       ||   728
         Demon whip        |       |       |       |   117 |   718 |   965 |  1576 |   290 |    76 ||  3742
         Staff             |       |       |       |       |       |       |     1 |       |       ||     1
         Sacred scourge    |       |       |       |       |       |       |   220 |   680 |    76 ||   976
         Broad axe         |       |       |       |       |       |       |    42 |   725 |   762 ||  1529
         Eveningstar       |       |       |       |       |       |       |       |       |    61 ||    61
  Throw: Javelin           |       |    21 |    34 |     3 |       |    64 |    32 |    25 |     2 ||   181
         Dart              |       |       |       |    46 |   130 |    25 |   170 |       |       ||   371
         Boomerang         |       |       |       |    66 |   174 |   228 |       |    60 |       ||   528
         Throwing net      |       |       |       |       |       |     2 |       |       |       ||     2
   Cast: Blink             |       |       |       |       |       |       |     3 |     3 |    16 ||    22
         Lesser Beckoning  |       |       |       |       |       |       |       |       |    30 ||    30
         Passwall          |       |       |       |       |       |       |       |       |    12 ||    12
 Invoke: Upheaval          |       |     1 |     1 |     7 |     3 |    18 |    23 |    37 |    20 ||   110
         Elemental Force   |       |       |       |     1 |    15 |    11 |    22 |    13 |    25 ||    87
  Evoke: Wand              |       |       |       |     3 |    82 |   107 |    62 |    43 |    80 ||   377
         Box of beasts     |       |       |       |     1 |     2 |     6 |     7 |     4 |     8 ||    28
         Lightning rod     |       |       |       |       |    12 |    19 |    23 |    14 |    15 ||    83
         Phial of floods   |       |       |       |       |       |       |     3 |     4 |     4 ||    11
         Phantom mirror    |       |       |       |       |       |       |       |       |     6 ||     6
    Use: Scroll            |       |     7 |     3 |    15 |    11 |    15 |    25 |    28 |    34 ||   138
         Potion            |       |       |       |     1 |     5 |    26 |    17 |     8 |    28 ||    85
   Stab: Distracted        |       |       |       |     1 |     1 |       |     1 |    12 |    26 ||    41
         Petrifying        |       |       |       |       |     2 |       |       |       |       ||     2
         Paralysed         |       |       |       |       |       |     2 |    31 |    12 |     9 ||    54
         Invisible         |       |       |       |       |       |     1 |     8 |       |       ||     9
         Confused          |       |       |       |       |       |       |       |       |     2 ||     2
 Armour: Scale mail        |    50 |    27 |    38 |     3 |       |       |       |       |       ||   118
         Chain mail        |       |       |       |    86 |    58 |       |       |       |       ||   144
         Shadow dragon sca |       |       |       |       |   172 |   242 |   315 |       |       ||   729
         Gold dragon scale |       |       |       |       |       |       |   444 |   543 |   490 ||  1477
  Dodge: Dodged            |    41 |    55 |    87 |   113 |   165 |   130 |   295 |   198 |   246 ||  1330
         Repelled          |       |       |     4 |       |     3 |     6 |       |     7 |    10 ||    30
  Block: Buckler           |    43 |    48 |   106 |   186 |       |       |       |       |       ||   383
         Reflection        |       |       |     4 |    22 |    32 |   127 |    66 |    72 |     5 ||   328
         Kite shield       |       |       |       |   173 |   608 |   600 |   371 |   939 |   740 ||  3431
         Tower shield      |       |       |       |       |       |   272 |  1529 |   503 |       ||  2304
Riposte: Broad axe         |       |       |       |       |       |       |       |   231 |   195 ||   426
         Demon whip        |       |       |       |       |       |       |       |    68 |    18 ||    86
         Sacred scourge    |       |       |       |       |       |       |       |   185 |    25 ||   210
         Staff             |       |       |       |       |       |       |       |     1 |       ||     1
         Eveningstar       |       |       |       |       |       |       |       |       |    26 ||    26
